 Dungeon Crawl Stone Soup version 0.31.0-11-ge490571c62 (webtiles) character file.

Game seed: 602156356380121027

67 qw the Shooter (level 4, -5/22 HPs)
             Began as a Spriggan Hunter on Feb 5, 2024.
             Slain by Terence
             ... wielding a +0 hand axe
              (6 damage)
             ... on level 2 of the Dungeon.
             The game lasted 00:00:22 (1270 turns).

qw the Shooter (Spriggan Hunter)                    Turns: 1270, Time: 00:00:23

Health: -5/22      AC:  2    Str:  7    XL:     4   Next: 0%
Magic:  5/5        EV: 10    Int: 10    God:
Gold:   50         SH:  0    Dex: 20    Spells: 3/3 levels left

rFire   . . .        a - +0 shortbow
rCold   . . .        (shield currently unavailable)
rNeg    . . .        c - +0 robe
rPois   .            (helmet restricted)
rElec   .            (no cloak)
rCorr   .            (gloves unavailable)
SInv    +            (boots unavailable)
Will    .....        (no amulet)
Stlth   ++           (no ring)
HPRegen 0.23/turn    (no ring)
MPRegen 0.09/turn

%: no passive effects
@: held, very quick
A: very small, no large weapons, unfitting armour, see invisible, speed 3
a: no special abilities


You were on level 2 of the Dungeon.
You visited 1 branch of the dungeon, and saw 2 of its levels.

You collected 50 gold pieces.


Innate Abilities, Weirdness & Mutations

You are very small and have problems with some larger weapons.
You are too small for most types of armour.
You have supernaturally acute eyesight. (SInv)
You cover ground extremely quickly. (Speed+++)


   Skills:
 - Level 1.5 Fighting
 - Level 5.1 Ranged Weapons
 + Level 4.0 Dodging
 - Level 1.5 Stealth


You had 3 spell levels left.
You didn't know any spells.
Your spell library was empty.

Inventory:

Hand Weapons
 a - a +0 shortbow (weapon)
Armour
 c - a +0 robe (worn)
Jewellery
 f - a ring of protection from fire
Scrolls
 d - a scroll of teleportation {unknown}
 e - a scroll of enchant armour {unknown}
Potions
 b - 2 potions of resistance {unknown}
 h - a potion of curing

Dungeon Overview and Level Annotations

Branches:
Dungeon (2/15)

Altars:

Annotations:
D:2 Terence


Message History

You have reached level 4!
You shoot an arrow. The arrow closely misses Terence.
You shoot an arrow.
The arrow hits Terence but does no damage.
Terence closely misses you.
You shoot an arrow. The arrow hits Terence.
Terence is lightly wounded.
Terence hits you with a +0 hand axe! The ribbon worm barely misses you.
You shoot an arrow.
The arrow hits Terence but does no damage.
Terence is lightly wounded.
Terence barely misses you.
The ribbon worm expels a string of sticky webbing.
The stream of webbing misses you.
You shoot an arrow.
The arrow hits Terence but does no damage.
Terence is lightly wounded.
Terence misses you.
You shoot an arrow. The arrow barely misses Terence.
Terence hits you with a +0 hand axe. The ribbon worm closely misses you.
Terence hits you with a +0 hand axe.
You shoot an arrow. The arrow closely misses Terence.
The ribbon worm misses you. Terence misses you.
You shoot an arrow.
The arrow hits Terence but does no damage.
Terence is lightly wounded.
The ribbon worm closely misses you.
Terence screams, "I'm going to kill you!"
Terence misses you.
You shoot an arrow. The arrow hits Terence.
Terence is moderately wounded.
Terence hits you with a +0 hand axe.
The ribbon worm expels a string of sticky webbing.
The stream of webbing hits you but does no damage.
You are caught in a web!
Terence closely misses you. The ribbon worm barely misses you.
Terence hits you with a +0 hand axe. The ribbon worm bites you.
Terence hits you with a +0 hand axe.
You die...
Terence says, "Rest in peace."

#####
###.#####
#...# #
....# #.#
#...# #
###.# #.#
#...# #
###.#
######.#
#...# #
.##.#
#......#
######...#
.##.#
#.######
#.......##
#.#.###.#
#.#######
##......#
#.#
#.#######
#@# .##
#...w@......
##
#...#....###
#..# #.)....
#.. .....#
#.# #.....
#. ..... ##
.....


You could see Terence and a ribbon worm.

Vanquished Creatures
  4 adders (D:2)
  3 dart slugs (D:1)
  4 ball pythons
  3 endoplasms
  2 giant cockroaches (D:1)
  3 goblins
  A hobgoblin (D:2)
  A quokka (D:2)
  A bat (D:2)
  4 frilled lizards
  2 rats (D:1)
28 creatures vanquished.

Notes
Turn   | Place    | Note
-------+----------+-------------------------------------------
     0 | D:1      | qw the Spriggan Hunter began the quest for the Orb.
     0 | D:1      | Reached XP level 1. HP: 10/10 MP: 2/2
     0 | D:1      | 0 ||| qw: Version: 0.3-a-160-g6735b56
     0 | D:1      | 0 ||| qw: Game counter: 6440
     0 | D:1      | 0 ||| qw: Melee chars always use a shield: true
     0 | D:1      | 0 ||| qw: God list: Okawaru
     0 | D:1      | 0 ||| qw: Allow faded altars: false
     0 | D:1      | 0 ||| qw: Do Orc after clearing Dungeon:15 true
     0 | D:1      | 0 ||| qw: Do second Lair branch before Depths: true
     0 | D:1      | 0 ||| qw: Lair rune preference: random
     0 | D:1      | 0 ||| qw: Goals: Normal
     0 | D:1      | 0 ||| PLANNING D:1-11
   141 | D:1      | Reached skill level 3 in Dodging
   217 | D:1      | Reached XP level 2. HP: 8/14 MP: 3/3
   775 | D:1      | 775 ||| READING 2 scrolls labelled XULIAS RUNWISH.
   776 | D:1      | 776 ||| READING 2 scrolls labelled KYC JUCIWAA.
   776 | D:1      | 776 ||| IDENTIFYING fuming golden potion
   777 | D:1      | 777 ||| READING scroll of identify.
   777 | D:1      | 777 ||| IDENTIFYING fizzy dark potion
   778 | D:1      | 778 ||| READING scroll labelled YWUIZX VOSYMM.
   779 | D:1      | 779 ||| DROPPING scroll of butterflies.
   780 | D:1      | 780 ||| DROPPING scroll of fog.
   781 | D:1      | 781 ||| DROPPING potion of attraction.
   868 | D:2      | Reached XP level 3. HP: 18/18 MP: 4/4
  1035 | D:2      | Found a faded altar of an unknown god.
  1254 | D:2      | Noticed Terence
  1256 | D:2      | Reached skill level 5 in Ranged Weapons
  1259 | D:2      | Reached XP level 4. HP: 22/22 MP: 5/5
  1267 | D:2      | HP: 4/22 [Terence/+0 hand axe (5)]
  1269 | D:2      | HP: 1/22 [ribbon worm (2)]
  1270 | D:2      | Slain by Terence

Levels and vault maps discovered:
D:1:      dpeg_arrival_chambers_temple_mockup, layout_basic
D:2:      layout_loops_cross, hellmonk_ecumenical_altar_lost_god, uniq_terence

Skill      XL: |  1  2  3 |
---------------+----------+-----
Dodging        | 3 4 |  4.0
Ranged Weapons | 5 |  5.1
Fighting       | |  1.5
Stealth        | |  1.5

Action                     |  1- 3 |  4- 6 || total
---------------------------+-------+-------++-------
   Fire: Shortbow          |    74 |     9 ||    83
    Use: Scroll            |     4 |       ||     4
 Armour: Robe              |    11 |     7 ||    18
  Dodge: Dodged            |    27 |    12 ||    39

Table legend:
 A = Non-vault XP
 B = Vault XP
 C = Vault XP percentage of total XP
 D = Non-vault monster count
 E = Vault monster count
 F = Vault count percentage of total count
                 A         B        C        D         E       F
            +---------+---------+-------+---------+---------+-------
      Total |      97 |       0 |   0.0 |      28 |       0 |   0.0
            +---------+---------+-------+---------+---------+-------
        D:1 |      27 |       0 |   0.0 |      12 |       0 |   0.0
        D:2 |      70 |       0 |   0.0 |      16 |       0 |   0.0
            +---------+---------+-------+---------+---------+-------
